 Dungeon Crawl Stone Soup version 0.20.0-7-g3b7b877 (webtiles) character file.

4081 mopl the Thaumaturge (level 10, 0/56 HPs)
             Began as a Deep Elf Fire Elementalist on May 29, 2017.
             Was a Follower of Vehumet.
             Slain by an orc warrior
             ... wielding a +1 battleaxe of freezing
              (27 damage)
             ... on level 8 of the Dungeon.
             The game lasted 00:19:26 (8819 turns).

mopl the Thaumaturge (Deep Elf Fire Elementalist)   Turns: 8819, Time: 00:19:27

Health: 0/56       AC:  7    Str:  5    XL:     10   Next: 5%
Magic:  14/26      EV: 14    Int: 25    God:    Vehumet [*.....]
Gold:   525        SH:  0    Dex: 16    Spells: 13/30 levels left

rFire    . . .     SeeInvis .   u - +3 quarterstaff (chaos)
rCold    + . .     Gourm    .   (shield currently unavailable)
rNeg     . . .     Faith    .   a - +0 robe
rPois    .         Spirit   .   (no helmet)
rElec    .         Reflect  .   T - +1 cloak of Yre Toru {rC+ Int+2 Slay-4}
rCorr    .         Harm     .   n - +1 pair of gloves
MR       +....                  f - +0 pair of boots
Stlth    +.........             (no amulet)
Regen    0.2/turn               A - ring of loudness (curse)
MPRegen  0.2/turn               (no ring)

@: no status effects
A: no striking features
a: Renounce Religion


You were on level 8 of the Dungeon.
You worshipped Vehumet.
Vehumet was aware of your devotion.
You were not hungry.

You visited 2 branches of the dungeon, and saw 9 of its levels.

You collected 525 gold pieces.

Inventory:

Hand Weapons
 u - a +3 quarterstaff of chaos (weapon)
 w - a +1 whip of venom
 M - a +0 blowgun
 U - the +10 dagger "Cacozuck" {pain, rElec rF- rC+ Dex+4, unknown}
   (You found it on level 8 of the Dungeon)

   In the hands of one skilled in necromantic magic, it inflicts extra damage on
   living creatures.
   It affects your dexterity (+4).
   It makes you vulnerable to fire.
   It protects you from cold.
   It insulates you from electricity.
Missiles
 H - 15 tomahawks (quivered)
 L - 44 poisoned needles
Armour
 a - a +0 robe (worn)
 f - a +0 pair of boots (worn)
 n - a +1 pair of gloves (worn)
 v - a +1 cloak
 F - a +2 buckler
 T - the +1 cloak of Yre Toru (worn) {rC+ Int+2 Slay-4}
   (You found it on level 8 of the Dungeon)

   It affects your intelligence (+2).
   It affects your accuracy and damage with ranged weapons and melee attacks
   (-4).
   It protects you from cold.
Jewellery
 A - a cursed ring of loudness (left hand)
 Q - an uncursed ring of ice
Wands
 y - a wand of confusion (20/48)
 N - a wand of lightning (7/15)
 P - a wand of lightning (2/15)
 S - a wand of polymorph (13/24)
Scrolls
 e - a scroll of fear {unknown}
 g - 4 scrolls of enchant armour {unknown}
 j - a scroll of amnesia {unknown}
 o - 2 scrolls of random uselessness {unknown}
 q - 4 scrolls of remove curse {unknown}
 z - a scroll of enchant weapon {unknown}
 C - 4 scrolls of recharging {unknown}
 E - a scroll of blinking {unknown}
 I - 2 scrolls of noise {unknown}
 J - 2 scrolls of magic mapping {unknown}
 K - a scroll of fog {unknown}
 R - 2 scrolls of teleportation {unknown}
Potions
 d - 6 potions of curing
 h - 2 potions of haste
 i - 2 potions of agility
 l - 2 potions of mutation {!q}
 p - 3 potions of might
 r - 2 potions of lignification {!q}
 s - 5 potions of degeneration {unknown}
 t - 2 potions of flight
 D - 3 potions of resistance {unknown}
 O - a potion of invisibility
Books
 b - a book of Flames

   Spells                             Type                      Level
   a - Flame Tongue                   Conjuration/Fire             1
   b - Throw Flame                    Conjuration/Fire             2
   c - Conjure Flame                  Conjuration/Fire             3
   d - Inner Flame                    Hexes/Fire                   3
   e - Sticky Flame                   Conjuration/Fire             4
   f - Fireball                       Conjuration/Fire             5
 B - a book of Callings

   Spells                             Type                      Level
   a - Summon Small Mammal            Summoning                    1
   b - Call Imp                       Summoning                    2
   c - Call Canine Familiar           Summoning                    3
   d - Summon Guardian Golem          Hexes/Summoning              3
   e - Summon Lightning Spire         Summoning/Air                4
   f - Summon Ice Beast               Ice/Summoning                4
 G - a Young Poisoner's Handbook

   Spells                             Type                      Level
   a - Sting                          Conjuration/Poison           1
   b - Poisonous Vapours              Poison/Air                   2
   c - Mephitic Cloud                 Conjuration/Poison/Air       3
   d - Olgreb's Toxic Radiance        Poison                       4
   e - Venom Bolt                     Conjuration/Poison           5
Comestibles
 c - 5 bread rations
 k - 5 royal jellies
 m - 4 fruits
 x - 5 meat rations


   Skills:
 + Level 3.1 Fighting
 + Level 3.7 Dodging
 - Level 2.4 Stealth
 + Level 10.6 Spellcasting
 * Level 8.7 Conjurations
 * Level 9.4 Fire Magic


You had 13 spell levels left.
You knew the following spells:

 Your Spells              Type           Power        Failure   Level  Hunger
a - Flame Tongue          Conj/Fire      #####        1%          1    None
b - Throw Flame           Conj/Fire      ######       1%          2    None
c - Conjure Flame         Conj/Fire      ######..     1%          3    None
d - Sticky Flame          Conj/Fire      ######..     1%          4    None
e - Blink                 Tloc           N/A          7%          2    None
f - Fireball              Conj/Fire      ######....   3%          5    ####...


Dungeon Overview and Level Annotations

Branches:
Dungeon (8/15)             Temple (1/1) D:7
   Lair: D:8-11

Altars:
Ashenzari
Cheibriados
Elyvilon
Fedhas
Gozag
Hepliaklqana
Kikubaaqudgha
Makhleb
Nemelex Xobeh
Okawaru
Qazlal
Ru
Sif Muna
Trog
Uskayaw
Vehumet
Xom
Zin
The Shining One

Shops:
D:4 %   D:5 (


Message History

Ouch! That really hurt!
The orc warrior freezes you.
Casting: Flame Tongue
Confirm with . or Enter, or press ? or * to list all spells.
Aiming: Flame Tongue
Press: ? - help, Shift-Dir - straight line, f/p - orc warrior
Aim: an orc warrior, wielding a battleaxe of freezing, wearing a chain mail and wearing a tubular golden ring (severely wounded, covered in liquid flames)
The flame tongue hits the orc warrior.
The orc warrior appears unharmed.
The orc warrior is severely wounded.
The orc warrior burns!
The troll is engulfed in blazing flames.
Casting: Flame Tongue
Confirm with . or Enter, or press ? or * to list all spells.
Aiming: Flame Tongue
Press: ? - help, Shift-Dir - straight line, f/p - orc warrior
Aim: an orc warrior, wielding a battleaxe of freezing, wearing a chain mail and wearing a tubular golden ring (almost dead, covered in liquid flames)
The flame tongue misses the orc warrior.
The orc warrior burns!
The orc warrior hits you with a battleaxe of freezing!!
You die...

....#..##......###.### ###.##
....#..##.....##..##.## ##.....
(...#........##.###.#.## #....#.
(...#.......##.##..###.###..#..##
....#......[#.##.### ##.#..##..##
....#.......#.#.## .#.#.###)#..
()..#.......#.#.# .#.#....###.
(...#.......#.#)## ##.#.#.....#.#
....#..##...#.##@###[##.#..###..#
....#..##...##.##oT.##.###..##..#
....#........##.#####.##.##..#...
....#.........##.....##...##.....
....#..........#######.....###.##
....#..##......................(.
....#..###+#####......#...#......
....#.........#.......#...#......
....#.........#.......#...#......


You could see a troll and an orc warrior (burning).

Vanquished Creatures
  A centaur warrior (D:8)
  The ghost of cereshysteria the Ruffian, an amateur DrMo of Cheibriados (D:4)
  The ghost of Fingolfin the Conjurer, an amateur NaWz of Vehumet (D:3)
  A hornet (D:8)
  Menkaure (D:5)
  An orc warrior (D:6)
  A phantom (D:4)
  3 ogres
  3 centaurs
  2 big kobolds
  5 bullfrogs
  A scorpion (D:4)
  9 wights
  2 crimson imps (D:6)
  A bullfrog zombie (D:6)
  3 bullfrog skeletons
  Crazy Yiuf (D:2)
  A centaur skeleton (D:8)
  2 orc priests
  4 hounds
  An orc wizard (D:4)
  Terence (D:2)
  Jessica (D:3)
  Ijyb (D:3)
  Natasha (twice) (D:3)
  2 iguanas
  6 worker ants
  A hound skeleton (D:8)
  A hound zombie (D:4)
  2 worker ant zombies
  14 gnolls
  7 adders
  3 shadow imps
  2 oozes
  2 adder zombies
  2 adder skeletons
  2 worms (D:2)
  A leopard gecko (shapeshifter) (D:5)
  9 leopard geckos
  9 orcs
  7 bats
  A giant cockroach (D:2)
  12 goblins
  12 hobgoblins
  8 jackals
  26 kobolds
  4 quokkas
  A ball python (D:3)
  8 frilled lizards
  A leopard gecko zombie (D:7)
  5 rats
  2 plants (D:5)
200 creatures vanquished.

Vanquished Creatures (others)
  A giant cockroach (D:3)
  A plant (D:5)
2 creatures vanquished.

Grand Total: 202 creatures vanquished

Notes
Turn   | Place    | Note
-------+----------+-------------------------------------------
     0 | D:1      | mopl the Deep Elf Fire Elementalist began the quest for the Orb.
     0 | D:1      | Reached XP level 1. HP: 10/10 MP: 6/6
   150 | D:1      | Reached XP level 2. HP: 15/15 MP: 5/8
   154 | D:1      | Learned a level 2 spell: Throw Flame
   393 | D:1      | Reached skill level 4 in Spellcasting
   447 | D:1      | Reached XP level 3. HP: 19/19 MP: 8/10
   454 | D:1      | Learned a level 3 spell: Conjure Flame
   838 | D:2      | Noticed Terence
   848 | D:2      | Killed Terence
   848 | D:2      | Reached skill level 2 in Conjurations
   848 | D:2      | Reached skill level 4 in Fire Magic
   848 | D:2      | Reached XP level 4. HP: 14/24 MP: 2/12
   858 | D:2      | Learned a level 4 spell: Sticky Flame
  1368 | D:2      | Found a runed door.
  1372 | D:2      | Noticed Crazy Yiuf
  1376 | D:2      | Killed Crazy Yiuf
  1376 | D:2      | Reached skill level 5 in Spellcasting
  1421 | D:2      | Reached XP level 5. HP: 28/28 MP: 7/14
  1845 | D:3      | Noticed Ijyb
  1848 | D:3      | Reached skill level 3 in Conjurations
  1861 | D:3      | Killed Ijyb
  1896 | D:3      | Noticed Fingolfin's ghost (amateur NaWz)
  1902 | D:3      | Killed Fingolfin's ghost
  1902 | D:3      | Reached skill level 6 in Spellcasting
  1902 | D:3      | Reached skill level 4 in Conjurations
  1902 | D:3      | Reached skill level 5 in Fire Magic
  1902 | D:3      | Reached XP level 6. HP: 30/32 MP: 12/17
  1981 | D:3      | Noticed Jessica
  1989 | D:3      | Killed Jessica
  2095 | D:3      | Noticed Natasha
  2100 | D:3      | Killed Natasha
  2226 | D:3      | Found an iron altar of Okawaru.
  2228 | D:3      | Noticed Natasha
  2233 | D:3      | Killed Natasha
  2233 | D:3      | Reached XP level 7. HP: 36/36 MP: 13/18
  2243 | D:3      | Learned a level 5 spell: Fireball
  2514 | D:4      | You fall through a shaft for 2 floors!
  2522 | D:6      | Learned a level 2 spell: Blink
  2534 | D:6      | Found a hide-covered altar of Uskayaw.
  2556 | D:6      | Reached skill level 6 in Fire Magic
  2819 | D:6      | Reached skill level 7 in Spellcasting
  3132 | D:5      | Entered Level 5 of the Dungeon
  3426 | D:4      | Reached skill level 5 in Conjurations
  3602 | D:4      | Found Japlesm's Food Shop.
  3953 | D:4      | Reached XP level 8. HP: 41/41 MP: 18/21
  4017 | D:4      | Reached skill level 8 in Spellcasting
  4325 | D:4      | Noticed cereshysteria's ghost (amateur DrMo)
  4333 | D:4      | Killed cereshysteria's ghost
  4333 | D:4      | Reached skill level 7 in Fire Magic
  4548 | D:5      | Found a sacrificial altar of Ru.
  4571 | D:5      | Reached skill level 6 in Conjurations
  4615 | D:5      | Found Daacruewiu's Weapon Emporium.
  5013 | D:5      | Noticed Menkaure
  5016 | D:5      | Killed Menkaure
  5016 | D:5      | Reached skill level 9 in Spellcasting
  5758 | D:6      | Reached skill level 1 in Fighting
  5759 | D:6      | Reached skill level 8 in Fire Magic
  5846 | D:6      | Found a white marble altar of Elyvilon.
  6056 | D:6      | Reached skill level 7 in Conjurations
  6056 | D:6      | Reached XP level 9. HP: 7/47 MP: 1/24
  6576 | D:7      | Found a staircase to the Ecumenical Temple.
  6606 | Temple   | Entered the Ecumenical Temple
  6650 | Temple   | Became a worshipper of Vehumet
  6714 | D:7      | Found a shimmering altar of Xom.
  6720 | D:7      | Found a shattered altar of Ashenzari.
  6720 | D:7      | Found a blossoming altar of Fedhas.
  6741 | D:7      | Found a deep blue altar of Sif Muna.
  6745 | D:7      | Found a bloodstained altar of Trog.
  6838 | D:7      | Reached skill level 2 in Fighting
  6989 | D:7      | Found an opulent altar of Gozag.
  6993 | D:7      | Found a glowing silver altar of Zin.
  7733 | D:8      | Found a snail-covered altar of Cheibriados.
  7886 | D:8      | Reached skill level 10 in Spellcasting
  8080 | D:8      | Noticed a centaur warrior
  8087 | D:8      | Killed a centaur warrior
  8087 | D:8      | Reached skill level 3 in Fighting
  8087 | D:8      | Reached skill level 3 in Dodging
  8087 | D:8      | Reached skill level 8 in Conjurations
  8087 | D:8      | Reached skill level 9 in Fire Magic
  8406 | D:8      | Reached * piety under Vehumet
  8406 | D:8      | Offered knowledge of Sandblast by Vehumet.
  8531 | D:8      | Reached XP level 10. HP: 56/56 MP: 23/26
  8545 | D:8      | Got an ichor-stained dagger
  8795 | D:8      | Got a brightly glowing cloak
  8806 | D:8      | Identified the +1 cloak of Yre Toru {rC+ Int+2 Slay-4} (You found it on level 8 of the Dungeon)
  8819 | D:8      | Slain by an orc warrior

Skill      XL: |  1  2  3  4  5  6  7  8  9 |
---------------+----------------------------+-----
Spellcasting   | 4 5 6 7 9 10 | 10.6
Conjurations   | 2 4 5 7 8 |  8.7
Fire Magic     | 4 5 6 8 9 |  9.4
Fighting       | 1 3 |  3.1
Dodging        | 3 |  3.7
Stealth        | |  2.4

Action                   |  1- 3 |  4- 6 |  7- 9 | 10-12 || total
-------------------------+-------+-------+-------+-------++-------
Melee: Quarterstaff      |       |    38 |   188 |       ||   226
       Unarmed           |       |     1 |       |       ||     1
 Cast: Flame Tongue      |    57 |    52 |   145 |     9 ||   263
       Sticky Flame      |       |     4 |    17 |     4 ||    25
       Throw Flame       |       |     1 |     3 |       ||     4
       Conjure Flame     |       |     1 |    13 |     1 ||    15
       Fireball          |       |       |     9 |       ||     9
       Blink             |       |       |     1 |       ||     1
  Use: Scroll            |       |       |     8 |       ||     8
 Stab: Paralysed         |       |     6 |       |       ||     6
       Sleeping          |       |     1 |     1 |       ||     2
  Eat: Chunk             |       |     4 |    19 |     1 ||    24
       Fruit             |       |       |     4 |       ||     4
Armor: Robe              |     6 |     9 |    76 |     2 ||    93
Dodge: Dodged            |    15 |    34 |   151 |    10 ||   210
